 Dungeon Crawl Stone Soup version 0.22.1-6-g1668fe2c40 (webtiles) character file.

60 Kohma the Sneak (level 4, -6/21 HPs)
             Began as a Vine Stalker Enchanter on Jan 28, 2019.
             Mangled by a gnoll
             ... wielding a +0 spear
              (11 damage)
             ... on level 1 of the Dungeon.
             The game lasted 00:03:38 (1367 turns).

Kohma the Sneak (Vine Stalker Enchanter)            Turns: 1367, Time: 00:03:38

Health: -6/21      AC:  2    Str: 12    XL:     4   Next: 6%
Magic:  0/9        EV: 12    Int: 15    God:
Gold:   46         SH:  0    Dex: 14    Spells: 5/8 levels left

rFire    . . .     SeeInvis .   a - +1 dagger
rCold    . . .     Gourm    .   (no shield)
rNeg     . . .     Faith    .   b - +0 robe
rPois    .         Spirit   +   (no helmet)
rElec    .         Reflect  .   (no cloak)
rCorr    .         Harm     .   (no gloves)
MR       .....                  (no boots)
Stlth    +++.......             (no amulet)
HPRegen  0.47/turn              (no ring)
MPRegen  0.11/turn              (no ring)

@: no status effects
A: fangs 2, regeneration 1, magic shield, antimagic bite, no potion heal 3, rot
immunity
a: no special abilities


You were on level 1 of the Dungeon.
You were not hungry.

You visited 1 branch of the dungeon, and saw 2 of its levels.

You collected 46 gold pieces.

Inventory:

Hand Weapons
 a - a +1 dagger (weapon)
 o - a +2 vampiric dagger
Missiles
 i - 18 stones (quivered)
Armour
 b - a +0 robe (worn)
Jewellery
 e - an uncursed ring of positive energy {unknown}
 g - an uncursed ring of protection from cold {unknown}
Scrolls
 d - a scroll of remove curse {unknown}
 h - a scroll of fog {unknown}
 j - a scroll of random uselessness {unknown}
 k - a scroll of enchant armour {unknown}
 l - 2 scrolls of identify {unknown}
 n - a scroll of teleportation {unknown}
Potions
 c - a potion of lignification {unknown}
 m - a potion of curing {unknown}
Comestibles
 f - 8 chunks of flesh


   Skills:
 + Level 1.6 Short Blades
 - Level 1.5 Dodging
 * Level 4.8 Stealth
 + Level 2.7 Spellcasting
 + Level 3.3 Hexes


You had 5 spell levels left.
You knew the following spells:

 Your Spells              Type           Power        Failure   Level  Hunger
a - Corona                Hex            ##.....      5%          1    #......
b - Ensorcelled Hibernat  Hex/Ice        #.....       16%         2    ##.....

Your spell library contained the following spells:

 Spells                   Type           Power        Failure   Level  Hunger
 Confuse                  Hex            ##......     16%         3    ###....
 Tukima's Dance           Hex            ##......     16%         3    ###....
 Dazzling Spray           Conj/Hex       #.....       30%         3    ###....


Dungeon Overview and Level Annotations

Branches:
Dungeon (2/15)

Altars:


Innate Abilities, Weirdness & Mutations

You have extremely sharp teeth.
Your natural rate of healing is unusually fast.
When hurt, damage is shared between your health and your magic reserves.
Your bite disrupts and absorbs the magic of your enemies.
Potions cannot restore your health.
You are immune to rotting.


Message History

There is a stone staircase leading up here.
The gnoll barely misses you. The gnoll hits you with a spear.
You climb upwards.
There is a stone staircase leading down here.
Casting: Ensorcelled Hibernation (safe; 16% risk of failure)
Confirm with . or Enter, or press ? or * to list all spells.
Aiming: Ensorcelled Hibernation (safe; 16% risk of failure)
Press: ? - help, Shift-Dir - straight line, f - gnoll
Aim: a gnoll, wielding a spear (chance to defeat MR: 48%)
The gnoll resists with some effort.
The gnoll hits you with a spear!
* * * LOW HITPOINT WARNING * * *
Casting: Ensorcelled Hibernation (safe; 16% risk of failure)
Confirm with . or Enter, or press ? or * to list all spells.
You don't have enough magic to cast that spell.
Unknown command.
You hit the gnoll. You bite the gnoll, but do no damage.
The gnoll is lightly wounded.
The gnoll hits you with a spear!
Ouch! That really hurt!
You die...

# #.......# #
#.......# # #.......#
# #......รท# ####
#.......#
...#####.......#
.#.............#
##.#####.#####.###
#.#####.......g@#
#....##.#####.###
#....##.# #.#####
##....##.#####.....#
......8#.......###.##
#.....<#..#..##).#..##
##....8#..#..#[##.#..#
#....##..#..#.##.#..#
#....##..#...#..##..#


You could see a gnoll.

Vanquished Creatures
  A gnoll (D:2)
  An adder (D:2)
  2 dart slugs (D:1)
  A leopard gecko (D:1)
  2 bats (D:1)
  A giant cockroach (D:1)
  5 goblins (D:1)
  7 hobgoblins (D:1)
  4 jackals (D:1)
  3 kobolds (D:1)
  3 frilled lizards (D:1)
  5 rats (D:1)
35 creatures vanquished.

Notes
Turn   | Place    | Note
-------+----------+-------------------------------------------
     0 | D:1      | Kohma the Vine Stalker Enchanter began the quest for the
                  | Orb.
     0 | D:1      | Reached XP level 1. HP: 9/9 MP: 4/4
    33 | D:1      | Reached skill level 1 in Short Blades
   355 | D:1      | Reached XP level 2. HP: 13/13 MP: 4/6
   362 | D:1      | Reached skill level 4 in Stealth
   374 | D:1      | Learned a level 2 spell: Ensorcelled Hibernation
   676 | D:1      | Reached XP level 3. HP: 16/16 MP: 7/7
  1335 | D:2      | Gained mutation: Your natural rate of healing is unusually
                  | fast. [Vine Stalker growth]
  1335 | D:2      | Reached XP level 4. HP: 21/21 MP: 7/9
  1367 | D:1      | Mangled by a gnoll

Skill      XL: |  1  2 |
---------------+-------+-----
Short Blades   | 1 |  1.6
Stealth        | 4 |  4.8
Dodging        | |  1.5
Spellcasting   | |  2.7
Hexes          | |  3.3

Action                   |  1- 3 |  4- 6 || total
-------------------------+-------+-------++-------
Melee: Dagger            |    77 |     3 ||    80
       Bite              |     9 |     2 ||    11
 Cast: Corona            |     3 |       ||     3
       Ensorcelled Hiber |     5 |     1 ||     6
 Stab: Sleeping          |    15 |       ||    15
  Eat: Ration            |     1 |       ||     1
       Chunk             |     1 |       ||     1
Armor: Robe              |     5 |       ||     5
Dodge: Dodged            |    40 |     4 ||    44
